Goals | Penalties |
1. Stars , Bobby McMann 12 (Juuso Parssinen 17, Brett Leason 13) at 5:06 (PP)
|
Colin Blackwell (TEX) for Holding (Minor) at 0:50 Connor Mackey (HEN) for Hooking (Minor) at 4:25 Nick Blankenburg (TEX) for Interference (Minor) at 5:55
|
2. Silver Knights , Mitchell Chaffee 9 (Cooper Marody 12) at 0:35
3. Stars , Kyle MacLean 4 (Max Jones 7, Ty Emberson 7) at 14:54 (SH)
|
Colin Blackwell (TEX) for Tripping (Minor) at 13:10 Brett Leason (TEX) for Cross-checking (Minor) at 17:21
|
4. Silver Knights , Declan Chisholm 1 (Benoit-Olivier Groulx 9, Ridly Greig 6) at 5:55
|
Juuso Parssinen (TEX) for Slashing (Minor) at 9:54 Ty Emberson (TEX) for Tripping (Minor) at 12:15 Jimmy Schuldt (HEN) for Interference (Minor) at 17:14
|
5. Stars , Mason Lohrei 3 (Juuso Parssinen 18, Sam Gagner 18) at 2:34
|
No Penalty
|
|
Yaroslav Askarov (HEN), 18 saves from 21 shots - (0,857), OTL, 15-6-1, 62:35 minutes
Hunter Shepard (TEX), 16 saves from 18 shots - (0,889), W, 16-4-2, 62:35 minutes
|
|
1 - Kyle MacLean (TEX)
2 - Mason Lohrei (TEX)
3 - Mitchell Chaffee (HEN)
|
Referees : Peter MacDougall and Francis Charron
Linesman : Matt MacPherson and Tim Nowak
|
|
No Game Note
|
Team Name |
Goals |
Shots |
Shots Attemp |
Shots Blocked |
PIM |
HIT |
PP |
PK |
FO% |
Silver Knights |
2 | 18 | 45 | 4 | 4 | 18 | 0 / 6 (0%) | 1 | 51% |
Stars |
3 | 21 | 39 | 6 | 12 | 26 | 1 / 2 (50%) | 0 | 49% |
Silver Knights
Player Name |
POS |
G |
A |
P |
+/- |
PIM |
HIT |
SHT |
SB |
MP |
PP MP |
PP SHT |
PK MP |
PK SHT |
FO% |
FOT |
Aatu Raty | C | 0 | 0 | 0 | 0 | 0 | 0 | 0 | 0 | 14:32 | 0:00 | 0 | 1:01 | 0 | 47% |
17 |
Adam Ginning | D | 0 | 0 | 0 | 1 | 0 | 2 | 2 | 0 | 18:03 | 0:38 | 0 | 1:38 | 0 | 0% |
0 |
Adam Ruzicka | C | 0 | 0 | 0 | 0 | 0 | 1 | 0 | 0 | 18:12 | 6:07 | 0 | 0:36 | 0 | 100% |
1 |
Benoit-Olivier Groulx | C | 0 | 1 | 1 | -1 | 0 | 0 | 2 | 0 | 19:35 | 6:11 | 0 | 0:57 | 0 | 0% |
1 |
Brandon Biro | LW | 0 | 0 | 0 | 0 | 0 | 2 | 1 | 0 | 19:52 | 5:43 | 0 | 1:27 | 0 | 0% |
0 |
Christian Kyrou | D | 0 | 0 | 0 | 0 | 0 | 1 | 0 | 0 | 15:38 | 0:42 | 0 | 0:46 | 0 | 0% |
0 |
Connor Mackey | D | 0 | 0 | 0 | 1 | 2 | 0 | 0 | 0 | 22:30 | 5:57 | 0 | 0:16 | 0 | 0% |
0 |
Cooper Marody | LW/RW | 0 | 1 | 1 | 1 | 0 | 1 | 1 | 0 | 19:14 | 5:43 | 1 | 0:10 | 0 | 32% |
22 |
Cutter Gauthier | LW | 0 | 0 | 0 | 0 | 0 | 0 | 0 | 0 | 8:42 | 0:00 | 0 | 0:00 | 0 | 0% |
0 |
Declan Chisholm | D | 1 | 0 | 1 | 0 | 0 | 1 | 2 | 2 | 22:38 | 5:57 | 1 | 0:16 | 0 | 0% |
0 |
Jett Woo | D | 0 | 0 | 0 | -1 | 0 | 1 | 0 | 0 | 21:02 | 5:53 | 0 | 0:57 | 0 | 0% |
0 |
Jimmy Schuldt | D | 0 | 0 | 0 | 0 | 2 | 2 | 0 | 1 | 21:56 | 4:41 | 0 | 0:41 | 0 | 0% |
0 |
Mitchell Chaffee | RW | 1 | 0 | 1 | 1 | 0 | 0 | 5 | 1 | 17:27 | 5:43 | 0 | 0:00 | 0 | 100% |
2 |
Nick Abruzzese | C/LW | 0 | 0 | 0 | 0 | 0 | 2 | 1 | 0 | 13:37 | 0:00 | 0 | 0:06 | 0 | 0% |
0 |
Nikita Alexandrov | C | 0 | 0 | 0 | 0 | 0 | 2 | 0 | 0 | 9:45 | 0:00 | 0 | 1:03 | 0 | 64% |
11 |
Ridly Greig | C | 0 | 1 | 1 | 0 | 0 | 1 | 2 | 0 | 20:03 | 6:11 | 0 | 0:46 | 0 | 67% |
18 |
Sam Poulin | LW/RW | 0 | 0 | 0 | 0 | 0 | 2 | 1 | 0 | 13:35 | 0:04 | 0 | 0:00 | 0 | 0% |
1 |
Tyler Madden | C/LW/RW | 0 | 0 | 0 | 0 | 0 | 0 | 1 | 0 | 8:42 | 0:00 | 0 | 0:00 | 0 | 0% |
0 |
Stars
Player Name |
POS |
G |
A |
P |
+/- |
PIM |
HIT |
SHT |
SB |
MP |
PP MP |
PP SHT |
PK MP |
PK SHT |
FO% |
FOT |
Bobby McMann | C/LW | 1 | 0 | 1 | -1 | 0 | 2 | 2 | 0 | 18:56 | 1:50 | 1 | 1:07 | 0 | 33% |
3 |
Brett Leason | RW | 0 | 1 | 1 | -1 | 2 | 5 | 2 | 0 | 17:50 | 1:50 | 0 | 1:25 | 0 | 50% |
2 |
Colin Blackwell | C | 0 | 0 | 0 | -1 | 4 | 2 | 0 | 0 | 14:20 | 0:50 | 0 | 0:00 | 0 | 56% |
18 |
Devin Shore | C | 0 | 0 | 0 | 0 | 0 | 1 | 1 | 0 | 11:05 | 0:00 | 0 | 5:41 | 0 | 59% |
17 |
Jacob MacDonald | D | 0 | 0 | 0 | -1 | 0 | 1 | 1 | 1 | 20:24 | 0:00 | 0 | 5:30 | 1 | 0% |
0 |
Juuso Parssinen | C | 0 | 2 | 2 | 0 | 2 | 1 | 1 | 0 | 17:46 | 1:50 | 0 | 0:09 | 0 | 42% |
19 |
Kyle MacLean | C | 1 | 0 | 1 | 1 | 0 | 2 | 2 | 0 | 16:42 | 0:00 | 0 | 4:48 | 1 | 55% |
11 |
Mason Lohrei | D | 1 | 0 | 1 | 0 | 0 | 2 | 2 | 0 | 22:51 | 1:31 | 1 | 5:06 | 0 | 0% |
0 |
Mathieu Olivier | RW | 0 | 0 | 0 | -1 | 0 | 2 | 4 | 1 | 19:31 | 0:00 | 0 | 5:59 | 0 | 0% |
2 |
Max Jones | LW | 0 | 1 | 1 | 1 | 0 | 2 | 1 | 1 | 16:42 | 0:00 | 0 | 4:48 | 0 | 0% |
0 |
Nathan Walker | LW | 0 | 0 | 0 | 0 | 0 | 0 | 3 | 0 | 12:44 | 0:50 | 0 | 0:00 | 0 | 0% |
0 |
Nick Blankenburg | D | 0 | 0 | 0 | 1 | 2 | 1 | 0 | 1 | 19:22 | 1:09 | 0 | 1:21 | 0 | 0% |
0 |
Noah Juulsen | D | 0 | 0 | 0 | -1 | 0 | 2 | 0 | 0 | 21:39 | 1:31 | 0 | 5:06 | 0 | 0% |
0 |
Ronnie Attard | D | 0 | 0 | 0 | -1 | 0 | 2 | 1 | 1 | 20:21 | 0:00 | 0 | 5:27 | 0 | 0% |
0 |
Ryan Lomberg | LW | 0 | 0 | 0 | 0 | 0 | 0 | 0 | 0 | 6:47 | 0:00 | 0 | 0:00 | 0 | 0% |
0 |
Sam Gagner | C/LW | 0 | 1 | 1 | 0 | 0 | 0 | 0 | 0 | 15:34 | 0:50 | 0 | 0:00 | 0 | 0% |
0 |
Ty Emberson | D | 0 | 1 | 1 | 1 | 2 | 1 | 1 | 1 | 17:47 | 1:09 | 1 | 1:09 | 0 | 0% |
0 |
Walker Duehr | RW | 0 | 0 | 0 | 0 | 0 | 0 | 0 | 0 | 5:24 | 0:00 | 0 | 0:00 | 0 | 0% |
1 |
Silver Knights
5 vs 5 Forward |
---|
Line # | Left Wing | Center | Right Wing | PHY | DF | OF | Wanted % | Time % | Time Play |
1 | Benoit-Olivier Groulx | Ridly Greig | Adam Ruzicka | 1 | 2 | 2 | 34 | 25% | 11:29
|
2 | Brandon Biro | Cooper Marody | Mitchell Chaffee | 1 | 2 | 2 | 33 | 26% | 11:44
|
3 | Nick Abruzzese | Aatu Raty | Sam Poulin | 1 | 2 | 2 | 24 | 30% | 13:31
|
4 | Cutter Gauthier | Nikita Alexandrov | Tyler Madden | 1 | 2 | 2 | 9 | 19% | 8:42
|
5 vs 5 Defense |
---|
Line # | Defense | Defense | | PHY | DF | OF | Wanted % | Time % | Time Play |
1 | Connor Mackey | Declan Chisholm | | 1 | 2 | 2 | 34 | 34% | 15:27
|
2 | Jimmy Schuldt | Adam Ginning | | 1 | 2 | 2 | 33 | 34% | 15:31
|
3 | Jett Woo | Christian Kyrou | | 1 | 2 | 2 | 24 | 30% | 13:37
|
4 | Connor Mackey | Adam Ginning | | 1 | 2 | 2 | 9 | 2% | 0:51
|
Power Play Forward |
---|
Line # | Left Wing | Center | Right Wing | PHY | DF | OF | Wanted % | Time % | Time Play |
1 | Benoit-Olivier Groulx | Ridly Greig | Adam Ruzicka | 1 | 2 | 2 | 55 | 52% | 6:11
|
2 | Brandon Biro | Cooper Marody | Mitchell Chaffee | 1 | 2 | 2 | 45 | 48% | 5:43
|
Power Play Defense |
---|
Line # | Defense | Defense | | PHY | DF | OF | Wanted % | Time % | Time Play |
1 | Connor Mackey | Declan Chisholm | | 1 | 2 | 2 | 55 | 51% | 6:01
|
2 | Jimmy Schuldt | Jett Woo | | 1 | 2 | 2 | 45 | 49% | 5:53
|
Penalty Kill 4 Players Forward |
---|
Line # | Center | Wing | PHY | DF | OF | Wanted % | Time % | Time Play |
1 | Aatu Raty | Brandon Biro | 1 | 2 | 2 | 55 | 61% | 1:37
|
2 | Nikita Alexandrov | Nick Abruzzese | 1 | 2 | 2 | 45 | 39% | 1:03
|
Penalty Kill 4 Players Defense |
---|
Line # | Defense | Defense | PHY | DF | OF | Wanted % | Time % | Time Play |
1 | Jimmy Schuldt | Adam Ginning | 1 | 2 | 2 | 55 | 100% | 2:40
|
2 | Connor Mackey | Declan Chisholm | 1 | 2 | 2 | 45 | 0% | 0:00
|
Penalty Kill 3 Players |
---|
Line # | Wing | PHY | DF | OF | Wanted % | Time % | Time Play | Defense | Defense | PHY | DF | OF | Wanted % | Time % | Time Play |
1 | Aatu Raty | 1 | 2 | 2 | 55 | 0% | 0:00
| Jimmy Schuldt | Adam Ginning | 1 | 2 | 2 | 55 | 0% | 0:00
|
2 | Nikita Alexandrov | 1 | 2 | 2 | 45 | 0% | 0:00
| Connor Mackey | Declan Chisholm | 1 | 2 | 2 | 45 | 0% | 0:00
|
4 vs 4 Forward |
---|
Line # | Center | Wing | PHY | DF | OF | Wanted % | Time % | Time Play |
1 | Ridly Greig | Mitchell Chaffee | 1 | 2 | 2 | 55 | 0% | 0:00
|
2 | Cooper Marody | Brandon Biro | 1 | 2 | 2 | 45 | 0% | 0:00
|
4 vs 4 Defense |
---|
Line # | Defense | | PHY | DF | OF | Wanted % | Time % | Time Play |
1 | Connor Mackey | Declan Chisholm | 1 | 2 | 2 | 55 | 0% | 0:00
|
2 | Jimmy Schuldt | Adam Ginning | 1 | 2 | 2 | 45 | 0% | 0:00
|
Last Minutes Offensive |
---|
Left Wing | Center | Right Wing | Defense | Defense |
Benoit-Olivier Groulx | Ridly Greig | Adam Ruzicka | Connor Mackey | Declan Chisholm |
Last Minutes Defensive |
---|
Left Wing | Center | Right Wing | Defense | Defense |
Brandon Biro | Aatu Raty | Cooper Marody | Jimmy Schuldt | Declan Chisholm |
Time |
---|
Total Forward | Total Defense | Last Minutes Offensive | Last Minutes Defensive |
60:00 |
60:00 |
0:00 | 0:00 |
Extra Forwards |
---|
Normal | PowerPlay | Penalty Kill |
Ridly Greig, Benoit-Olivier Groulx, Adam Ruzicka | Ridly Greig, Adam Ruzicka | Benoit-Olivier Groulx |
Extra Defensemen |
---|
Normal | PowerPlay | Penalty Kill |
Declan Chisholm, Connor Mackey, Jimmy Schuldt | Connor Mackey, Adam Ginning | Jimmy Schuldt |
Penalty Shots |
---|
Ridly Greig, Adam Ruzicka, Mitchell Chaffee, Benoit-Olivier Groulx, Cooper Marody |
Goalie |
---|
Yaroslav Askarov, Brandon Bussi |
Scratches |
---|
Adam Beckman (Healthy), Alex Jefferies (Healthy), Aidan McDonough (Healthy), Brayden Tracey (Healthy), Bryce Kindopp (Healthy)
Alexander True (Healthy), Damien Giroux (Healthy), Egor Afanasyev (Healthy), Filip Johansson (Healthy), Jack Matier (Healthy)
Gabriel Fortier (Healthy), Justin Hryckowian (Healthy), Luke Toporowski (Healthy), Lleyton Roed (Healthy), Lukas Dragicevic (Healthy)
Leon Gawanke (Healthy), Ozzy Wiesblatt (Healthy), Max Sasson (Healthy), Raivis Ansons (Healthy), Olivier Nadeau (Healthy)
Oskar Pettersson (Healthy), Taylor Ward (Healthy), Tyrel Bauer (Healthy), Reece Newkirk (Healthy), Riley Tufte (Healthy)
Zack Ostapchuk (Healthy), Scott Reedy (Healthy), Kyle Keyser (Healthy) |
Stars
5 vs 5 Forward |
---|
Line # | Left Wing | Center | Right Wing | PHY | DF | OF | Wanted % | Time % | Time Play |
1 | Bobby McMann | Juuso Parssinen | Brett Leason | 1 | 2 | 2 | 34 | 32% | 14:36
|
2 | Sam Gagner | Colin Blackwell | Mathieu Olivier | 1 | 2 | 2 | 33 | 30% | 13:32
|
3 | Nathan Walker | Kyle MacLean | Max Jones | 1 | 2 | 2 | 24 | 26% | 11:54
|
4 | Ryan Lomberg | Devin Shore | Walker Duehr | 1 | 2 | 2 | 9 | 12% | 5:24
|
5 vs 5 Defense |
---|
Line # | Defense | Defense | | PHY | DF | OF | Wanted % | Time % | Time Play |
1 | Noah Juulsen | Mason Lohrei | | 1 | 2 | 2 | 34 | 33% | 15:02
|
2 | Nick Blankenburg | Ty Emberson | | 1 | 2 | 2 | 33 | 34% | 15:30
|
3 | Jacob MacDonald | Ronnie Attard | | 1 | 2 | 2 | 24 | 26% | 11:44
|
4 | Jacob MacDonald | Ronnie Attard | | 1 | 2 | 2 | 9 | 7% | 3:10
|
Power Play Forward |
---|
Line # | Left Wing | Center | Right Wing | PHY | DF | OF | Wanted % | Time % | Time Play |
1 | Bobby McMann | Juuso Parssinen | Brett Leason | 1 | 2 | 2 | 55 | 69% | 1:50
|
2 | Sam Gagner | Colin Blackwell | Nathan Walker | 1 | 2 | 2 | 45 | 31% | 0:50
|
Power Play Defense |
---|
Line # | Defense | Defense | | PHY | DF | OF | Wanted % | Time % | Time Play |
1 | Ty Emberson | Nick Blankenburg | | 1 | 2 | 2 | 55 | 43% | 1:09
|
2 | Noah Juulsen | Mason Lohrei | | 1 | 2 | 2 | 45 | 57% | 1:31
|
Penalty Kill 4 Players Forward |
---|
Line # | Center | Wing | PHY | DF | OF | Wanted % | Time % | Time Play |
1 | Devin Shore | Mathieu Olivier | 1 | 2 | 2 | 55 | 60% | 7:06
|
2 | Kyle MacLean | Max Jones | 1 | 2 | 2 | 45 | 40% | 4:48
|
Penalty Kill 4 Players Defense |
---|
Line # | Defense | Defense | PHY | DF | OF | Wanted % | Time % | Time Play |
1 | Jacob MacDonald | Ronnie Attard | 1 | 2 | 2 | 55 | 50% | 5:56
|
2 | Noah Juulsen | Mason Lohrei | 1 | 2 | 2 | 45 | 50% | 5:58
|
Penalty Kill 3 Players |
---|
Line # | Wing | PHY | DF | OF | Wanted % | Time % | Time Play | Defense | Defense | PHY | DF | OF | Wanted % | Time % | Time Play |
1 | Juuso Parssinen | 1 | 2 | 2 | 55 | 0% | 0:00
| Jacob MacDonald | Ronnie Attard | 1 | 2 | 2 | 55 | 0% | 0:00
|
2 | Kyle MacLean | 1 | 2 | 2 | 45 | 0% | 0:00
| Noah Juulsen | Mason Lohrei | 1 | 2 | 2 | 45 | 0% | 0:00
|
4 vs 4 Forward |
---|
Line # | Center | Wing | PHY | DF | OF | Wanted % | Time % | Time Play |
1 | Sam Gagner | Brett Leason | 1 | 2 | 2 | 55 | 0% | 0:00
|
2 | Juuso Parssinen | Bobby McMann | 1 | 2 | 2 | 45 | 0% | 0:00
|
4 vs 4 Defense |
---|
Line # | Defense | | PHY | DF | OF | Wanted % | Time % | Time Play |
1 | Noah Juulsen | Mason Lohrei | 1 | 2 | 2 | 55 | 0% | 0:00
|
2 | Nick Blankenburg | Ty Emberson | 1 | 2 | 2 | 45 | 0% | 0:00
|
Last Minutes Offensive |
---|
Left Wing | Center | Right Wing | Defense | Defense |
Bobby McMann | Juuso Parssinen | Brett Leason | Noah Juulsen | Mason Lohrei |
Last Minutes Defensive |
---|
Left Wing | Center | Right Wing | Defense | Defense |
Ryan Lomberg | Juuso Parssinen | Mathieu Olivier | Noah Juulsen | Mason Lohrei |
Time |
---|
Total Forward | Total Defense | Last Minutes Offensive | Last Minutes Defensive |
60:00 |
60:00 |
0:00 | 0:00 |
Extra Forwards |
---|
Normal | PowerPlay | Penalty Kill |
Bobby McMann, Juuso Parssinen, Brett Leason | Mathieu Olivier, Devin Shore | Brett Leason |
Extra Defensemen |
---|
Normal | PowerPlay | Penalty Kill |
Mason Lohrei, Noah Juulsen, Ty Emberson | Ronnie Attard, Ty Emberson | Nick Blankenburg |
Penalty Shots |
---|
Bobby McMann, Brett Leason, Ryan Lomberg, Juuso Parssinen, Sam Gagner |
Goalie |
---|
Hunter Shepard, Unknown Goalie |
Scratches |
---|
Amadeus Lombardi (Healthy), Matthew Highmore (Healthy), Corey Schueneman (Healthy), Steven Santini (Healthy), Bokondji Imama (Healthy)
Jack Peart (Healthy), Jackson Blake (Healthy), Lucas Condotta (Healthy), Jiri Smejkal (Healthy), Jeffrey Viel (Healthy)
Matt Rempe (Healthy), James Hamblin (Healthy), Justin Richards (Healthy), Nikita Novikov (Healthy), Radim Zohorna (Healthy)
A.J. Greer (Healthy) |
Play-by-Play
1st period
0:01 of 1st period - Ridly Greig wins face-off versus Juuso Parssinen in neutral zone.
0:30 of 1st period - Shot by Brett Leason.
0:30 of 1st period - Shot Misses the Net.
0:46 of 1st period - Benoit-Olivier Groulx is hit by Brett Leason.
0:47 of 1st period - Icing by Benoit-Olivier Groulx.
0:48 of 1st period - Colin Blackwell wins face-off versus Ridly Greig in Silver Knights zone.
0:50 of 1st period - Minor Penalty to Colin Blackwell for Holding.
0:51 of 1st period - Devin Shore wins face-off versus Cooper Marody in Stars zone.
0:51 of 1st period - Devin Shore is hit by Brandon Biro.
1:01 of 1st period - Cooper Marody is hit by Max Jones and loses puck.
1:05 of 1st period - Icing by Cooper Marody.
1:06 of 1st period - Cooper Marody wins face-off versus Devin Shore in Silver Knights zone.
1:06 of 1st period - Cooper Marody is hit by Devin Shore.
1:12 of 1st period - Devin Shore is hit by Cooper Marody and loses puck.
1:53 of 1st period - Shot by Adam Ruzicka.
1:53 of 1st period - Deflect By Ridly Greig.
1:53 of 1st period - Shot Misses the Net.
2:15 of 1st period - Shot by Ridly Greig.
2:15 of 1st period - Shot Misses the Net.
3:07 of 1st period - Shot by Juuso Parssinen.
3:07 of 1st period - Stopped by Yaroslav Askarov without a rebound.
3:08 of 1st period - Nikita Alexandrov wins face-off versus Colin Blackwell in Silver Knights zone.
3:15 of 1st period - Shot by Tyler Madden.
3:15 of 1st period - Stopped by Hunter Shepard without a rebound.
3:16 of 1st period - Aatu Raty wins face-off versus Colin Blackwell in Stars zone.
3:27 of 1st period - Shot by Nick Abruzzese.
3:27 of 1st period - Shot Misses the Net.
3:33 of 1st period - Shot by Aatu Raty.
3:33 of 1st period - Shot Blocked by Mathieu Olivier.
3:35 of 1st period - Shot by Sam Poulin.
3:35 of 1st period - Shot Blocked by Nick Blankenburg.
3:37 of 1st period - Shot by Sam Poulin.
3:37 of 1st period - Stopped by Hunter Shepard without a rebound.
3:38 of 1st period - Ridly Greig wins face-off versus Devin Shore in Stars zone.
3:48 of 1st period - Shot by Ronnie Attard.
3:48 of 1st period - Stopped by Yaroslav Askarov without a rebound.
3:49 of 1st period - Colin Blackwell wins face-off versus Cooper Marody in Silver Knights zone.
3:49 of 1st period - Colin Blackwell is hit by Jett Woo.
4:04 of 1st period - Icing by Nick Blankenburg.
4:05 of 1st period - Ridly Greig wins face-off versus Colin Blackwell in Stars zone.
4:25 of 1st period - Minor Penalty to Connor Mackey for Hooking.
4:26 of 1st period - Juuso Parssinen wins face-off versus Aatu Raty in Silver Knights zone.
4:42 of 1st period - Juuso Parssinen is hit by Adam Ginning.
4:51 of 1st period - Juuso Parssinen is hit by Adam Ginning and loses puck.
5:04 of 1st period - Shot by Juuso Parssinen.
5:04 of 1st period - Shot Misses the Net.
5:06 of 1st period - Shot by Bobby McMann.
5:06 of 1st period - Goal by Bobby McMann - Silver Knights : 0 - Stars : 1.
5:07 of 1st period - Ridly Greig wins face-off versus Kyle MacLean in neutral zone.
5:34 of 1st period - Shot by Nathan Walker.
5:34 of 1st period - Stopped by Yaroslav Askarov without a rebound.
5:35 of 1st period - Nikita Alexandrov wins face-off versus Colin Blackwell in Silver Knights zone.
5:37 of 1st period - Cutter Gauthier is hit by Mathieu Olivier and loses puck.
5:43 of 1st period - Sam Gagner is hit by Declan Chisholm and loses puck.
5:55 of 1st period - Minor Penalty to Nick Blankenburg for Interference.
5:56 of 1st period - Ridly Greig wins face-off versus Devin Shore in Stars zone.
6:22 of 1st period - Icing by Ridly Greig.
6:23 of 1st period - Ridly Greig wins face-off versus Mathieu Olivier in Silver Knights zone.
6:41 of 1st period - Icing by Benoit-Olivier Groulx.
6:42 of 1st period - Devin Shore wins face-off versus Ridly Greig in Silver Knights zone.
7:15 of 1st period - Shot by Cooper Marody.
7:15 of 1st period - Stopped by Hunter Shepard without a rebound.
7:16 of 1st period - Devin Shore wins face-off versus Cooper Marody in Stars zone.
8:20 of 1st period - Shot by Brett Leason.
8:20 of 1st period - Shot Misses the Net.
8:22 of 1st period - Shot by Ty Emberson.
8:22 of 1st period - Shot Blocked by Jimmy Schuldt.
8:30 of 1st period - Aatu Raty is hit by Brett Leason and loses puck.
9:13 of 1st period - Shot by Devin Shore.
9:13 of 1st period - Stopped by Yaroslav Askarov with a rebound.
9:59 of 1st period - Jacob MacDonald is hit by Brandon Biro and loses puck.
10:31 of 1st period - Icing by Connor Mackey.
10:32 of 1st period - Juuso Parssinen wins face-off versus Cooper Marody in Silver Knights zone.
10:41 of 1st period - Shot by Brett Leason.
10:41 of 1st period - Stopped by Yaroslav Askarov with a rebound.
10:46 of 1st period - Off-side.
10:47 of 1st period - Colin Blackwell wins face-off versus Aatu Raty in neutral zone.
11:07 of 1st period - Jett Woo is hit by Mathieu Olivier and loses puck.
11:11 of 1st period - Sam Poulin is hit by Nick Blankenburg and loses puck.
11:22 of 1st period - Colin Blackwell is hit by Sam Poulin and loses puck.
11:48 of 1st period - Shot by Benoit-Olivier Groulx.
11:48 of 1st period - Stopped by Hunter Shepard without a rebound.
11:49 of 1st period - Nikita Alexandrov wins face-off versus Juuso Parssinen in Stars zone.
11:49 of 1st period - Cutter Gauthier is hit by Mason Lohrei and loses puck.
12:53 of 1st period - Off-side.
12:54 of 1st period - Mitchell Chaffee wins face-off versus Devin Shore in neutral zone.
13:48 of 1st period - Icing by Benoit-Olivier Groulx.
13:49 of 1st period - Ridly Greig wins face-off versus Juuso Parssinen in Silver Knights zone.
13:49 of 1st period - Ridly Greig is hit by Brett Leason.
14:09 of 1st period - Shot by Benoit-Olivier Groulx.
14:09 of 1st period - Shot Misses the Net.
14:11 of 1st period - Shot by Benoit-Olivier Groulx.
14:11 of 1st period - Stopped by Hunter Shepard without a rebound.
14:12 of 1st period - Colin Blackwell wins face-off versus Aatu Raty in Stars zone.
15:14 of 1st period - Shot by Mitchell Chaffee.
15:14 of 1st period - Stopped by Hunter Shepard with a rebound.
15:16 of 1st period - Shot by Mitchell Chaffee.
15:16 of 1st period - Stopped by Hunter Shepard without a rebound.
15:17 of 1st period - Ridly Greig wins face-off versus Juuso Parssinen in Stars zone.
15:29 of 1st period - Icing by Jacob MacDonald.
15:30 of 1st period - Juuso Parssinen wins face-off versus Nikita Alexandrov in Stars zone.
15:45 of 1st period - Shot by Cutter Gauthier.
15:45 of 1st period - Shot Misses the Net.
15:57 of 1st period - Cutter Gauthier is hit by Juuso Parssinen and loses puck.
16:24 of 1st period - Declan Chisholm is hit by Mason Lohrei and loses puck.
18:43 of 1st period - Shot by Ridly Greig.
18:43 of 1st period - Deflect By Adam Ruzicka.
18:43 of 1st period - Shot Misses the Net.
19:55 of 1st period - Shot by Nathan Walker.
19:55 of 1st period - Shot Misses the Net.
19:57 of 1st period - Shot by Max Jones.
19:57 of 1st period - Shot Misses the Net.
Goals for this period are 0 for Silver Knights vs 1 for Stars.
Shots for this period are 7 for Silver Knights vs 6 for Stars.
2nd period
0:01 of 2nd period - Cooper Marody wins face-off versus Brett Leason in neutral zone.
0:16 of 2nd period - Adam Ginning is hit by Brett Leason and loses puck.
0:35 of 2nd period - Shot by Mitchell Chaffee.
0:35 of 2nd period - Goal by Mitchell Chaffee - Silver Knights : 1 - Stars : 1.
0:36 of 2nd period - Kyle MacLean wins face-off versus Ridly Greig in neutral zone.
1:05 of 2nd period - Shot by Benoit-Olivier Groulx.
1:05 of 2nd period - Shot Blocked by Max Jones.
1:11 of 2nd period - Shot by Adam Ruzicka.
1:11 of 2nd period - Shot Blocked by Jacob MacDonald.
1:45 of 2nd period - Shot by Mathieu Olivier.
1:45 of 2nd period - Stopped by Yaroslav Askarov without a rebound.
1:46 of 2nd period - Cooper Marody wins face-off versus Juuso Parssinen in Silver Knights zone.
2:23 of 2nd period - Icing by Brandon Biro.
2:24 of 2nd period - Colin Blackwell wins face-off versus Cooper Marody in Silver Knights zone.
2:25 of 2nd period - Shot by Mathieu Olivier.
2:25 of 2nd period - Stopped by Yaroslav Askarov without a rebound.
2:26 of 2nd period - Colin Blackwell wins face-off versus Aatu Raty in Silver Knights zone.
2:29 of 2nd period - Shot by Mathieu Olivier.
2:29 of 2nd period - Stopped by Yaroslav Askarov without a rebound.
2:30 of 2nd period - Ridly Greig wins face-off versus Colin Blackwell in Silver Knights zone.
2:30 of 2nd period - Ridly Greig is hit by Colin Blackwell.
2:48 of 2nd period - Shot by Ridly Greig.
2:48 of 2nd period - Stopped by Hunter Shepard with a rebound.
3:04 of 2nd period - Shot by Ridly Greig.
3:04 of 2nd period - Stopped by Hunter Shepard without a rebound.
3:05 of 2nd period - Juuso Parssinen wins face-off versus Cooper Marody in Stars zone.
3:22 of 2nd period - Off-side.
3:23 of 2nd period - Aatu Raty wins face-off versus Kyle MacLean in neutral zone.
4:09 of 2nd period - Icing by Nick Blankenburg.
4:10 of 2nd period - Cooper Marody wins face-off versus Kyle MacLean in Stars zone.
4:25 of 2nd period - Shot by Mitchell Chaffee.
4:25 of 2nd period - Shot Misses the Net.
4:46 of 2nd period - Mitchell Chaffee is hit by Noah Juulsen and loses puck.
5:32 of 2nd period - Ridly Greig is hit by Ronnie Attard and loses puck.
5:57 of 2nd period - Shot by Sam Poulin.
5:57 of 2nd period - Deflect By Nick Abruzzese.
5:57 of 2nd period - Shot Misses the Net.
6:02 of 2nd period - Aatu Raty is hit by Ronnie Attard.
6:20 of 2nd period - Bobby McMann is hit by Sam Poulin and loses puck.
7:14 of 2nd period - Icing by Noah Juulsen.
7:15 of 2nd period - Devin Shore wins face-off versus Cooper Marody in Stars zone.
7:53 of 2nd period - Icing by Declan Chisholm.
7:54 of 2nd period - Kyle MacLean wins face-off versus Cooper Marody in Silver Knights zone.
8:47 of 2nd period - Shot by Ridly Greig.
8:47 of 2nd period - Shot Misses the Net.
9:09 of 2nd period - Shot by Benoit-Olivier Groulx.
9:09 of 2nd period - Shot Misses the Net.
9:56 of 2nd period - Icing by Mathieu Olivier.
9:57 of 2nd period - Nikita Alexandrov wins face-off versus Colin Blackwell in Stars zone.
10:19 of 2nd period - Shot by Nikita Alexandrov.
10:19 of 2nd period - Shot Misses the Net.
10:37 of 2nd period - Benoit-Olivier Groulx is hit by Colin Blackwell and loses puck.
11:02 of 2nd period - Shot by Ridly Greig.
11:02 of 2nd period - Shot Misses the Net.
12:02 of 2nd period - Icing by Mason Lohrei.
12:03 of 2nd period - Devin Shore wins face-off versus Aatu Raty in Stars zone.
12:05 of 2nd period - Icing by Ryan Lomberg.
12:06 of 2nd period - Aatu Raty wins face-off versus Walker Duehr in Stars zone.
12:42 of 2nd period - Christian Kyrou is hit by Noah Juulsen and loses puck.
12:54 of 2nd period - Icing by Jett Woo.
12:55 of 2nd period - Aatu Raty wins face-off versus Juuso Parssinen in Silver Knights zone.
13:07 of 2nd period - Icing by Jett Woo.
13:08 of 2nd period - Colin Blackwell wins face-off versus Aatu Raty in Silver Knights zone.
13:09 of 2nd period - Shot by Mathieu Olivier.
13:09 of 2nd period - Shot Misses the Net.
13:10 of 2nd period - Minor Penalty to Colin Blackwell for Tripping.
13:11 of 2nd period - Devin Shore wins face-off versus Ridly Greig in Stars zone.
13:21 of 2nd period - Off-side.
13:22 of 2nd period - Mitchell Chaffee wins face-off versus Devin Shore in neutral zone.
14:54 of 2nd period - Shot by Kyle MacLean.
14:54 of 2nd period - Goal by Kyle MacLean - Silver Knights : 1 - Stars : 2.
14:55 of 2nd period - Devin Shore wins face-off versus Cooper Marody in neutral zone.
15:00 of 2nd period - Shot by Jacob MacDonald.
15:00 of 2nd period - Stopped by Yaroslav Askarov without a rebound.
15:01 of 2nd period - Devin Shore wins face-off versus Cooper Marody in Silver Knights zone.
15:22 of 2nd period - Shot by Aatu Raty.
15:22 of 2nd period - Shot Misses the Net.
15:24 of 2nd period - Shot by Adam Ginning.
15:24 of 2nd period - Stopped by Hunter Shepard without a rebound.
15:25 of 2nd period - Kyle MacLean wins face-off versus Nikita Alexandrov in Stars zone.
15:25 of 2nd period - Kyle MacLean is hit by Nikita Alexandrov.
16:36 of 2nd period - Sam Gagner is hit by Jimmy Schuldt and loses puck.
16:48 of 2nd period - Colin Blackwell is hit by Jimmy Schuldt and loses puck.
17:00 of 2nd period - Juuso Parssinen is hit by Nikita Alexandrov.
17:21 of 2nd period - Minor Penalty to Brett Leason for Cross-checking.
17:22 of 2nd period - Devin Shore wins face-off versus Ridly Greig in Stars zone.
17:22 of 2nd period - Devin Shore is hit by Adam Ruzicka.
17:55 of 2nd period - Icing by Ridly Greig.
17:56 of 2nd period - Ridly Greig wins face-off versus Kyle MacLean in Silver Knights zone.
18:09 of 2nd period - Shot by Declan Chisholm.
18:09 of 2nd period - Stopped by Hunter Shepard without a rebound.
18:10 of 2nd period - Devin Shore wins face-off versus Cooper Marody in Stars zone.
19:30 of 2nd period - Icing by Christian Kyrou.
19:31 of 2nd period - Juuso Parssinen wins face-off versus Aatu Raty in Silver Knights zone.
19:46 of 2nd period - Shot by Bobby McMann.
19:46 of 2nd period - Shot Hit the Post.
Goals for this period are 1 for Silver Knights vs 1 for Stars.
Shots for this period are 5 for Silver Knights vs 5 for Stars.
3rd period
0:01 of 3rd period - Colin Blackwell wins face-off versus Cooper Marody in neutral zone.
1:03 of 3rd period - Shot by Bobby McMann.
1:03 of 3rd period - Stopped by Yaroslav Askarov without a rebound.
1:04 of 3rd period - Kyle MacLean wins face-off versus Ridly Greig in Silver Knights zone.
1:15 of 3rd period - Shot by Kyle MacLean.
1:15 of 3rd period - Deflect By Nathan Walker.
1:15 of 3rd period - Stopped by Yaroslav Askarov without a rebound.
1:16 of 3rd period - Aatu Raty wins face-off versus Juuso Parssinen in Silver Knights zone.
1:46 of 3rd period - Brett Leason is hit by Christian Kyrou and loses puck.
1:51 of 3rd period - Shot by Juuso Parssinen.
1:51 of 3rd period - Shot Misses the Net.
2:29 of 3rd period - Sam Gagner is hit by Nick Abruzzese and loses puck.
3:05 of 3rd period - Benoit-Olivier Groulx is hit by Kyle MacLean.
4:01 of 3rd period - Icing by Mason Lohrei.
4:02 of 3rd period - Cooper Marody wins face-off versus Devin Shore in Stars zone.
4:03 of 3rd period - Shot by Mitchell Chaffee.
4:03 of 3rd period - Deflect By Brandon Biro.
4:03 of 3rd period - Stopped by Hunter Shepard without a rebound.
4:04 of 3rd period - Cooper Marody wins face-off versus Colin Blackwell in Stars zone.
4:08 of 3rd period - Mitchell Chaffee is hit by Jacob MacDonald and loses puck.
4:11 of 3rd period - Shot by Mitchell Chaffee.
4:11 of 3rd period - Shot Misses the Net.
4:13 of 3rd period - Shot by Adam Ginning.
4:13 of 3rd period - Stopped by Hunter Shepard with a rebound.
4:15 of 3rd period - Shot by Jimmy Schuldt.
4:15 of 3rd period - Shot Misses the Net.
4:17 of 3rd period - Shot by Cooper Marody.
4:17 of 3rd period - Shot Misses the Net.
4:23 of 3rd period - Shot by Mitchell Chaffee.
4:23 of 3rd period - Shot Misses the Net.
4:25 of 3rd period - Shot by Mitchell Chaffee.
4:25 of 3rd period - Stopped by Hunter Shepard without a rebound.
4:26 of 3rd period - Juuso Parssinen wins face-off versus Nikita Alexandrov in Stars zone.
4:28 of 3rd period - Icing by Noah Juulsen.
4:29 of 3rd period - Nikita Alexandrov wins face-off versus Juuso Parssinen in Stars zone.
4:32 of 3rd period - Shot by Tyler Madden.
4:32 of 3rd period - Deflect By Cutter Gauthier.
4:32 of 3rd period - Shot Misses the Net.
4:38 of 3rd period - Shot by Juuso Parssinen.
4:38 of 3rd period - Shot Misses the Net.
5:20 of 3rd period - Shot by Mathieu Olivier.
5:20 of 3rd period - Stopped by Yaroslav Askarov without a rebound.
5:21 of 3rd period - Colin Blackwell wins face-off versus Benoit-Olivier Groulx in Silver Knights zone.
5:55 of 3rd period - Shot by Declan Chisholm.
5:55 of 3rd period - Goal by Declan Chisholm - Silver Knights : 2 - Stars : 2.
5:56 of 3rd period - Kyle MacLean wins face-off versus Cooper Marody in neutral zone.
6:07 of 3rd period - Shot by Nathan Walker.
6:07 of 3rd period - Shot Misses the Net.
6:09 of 3rd period - Shot by Nick Blankenburg.
6:09 of 3rd period - Deflect By Max Jones.
6:09 of 3rd period - Stopped by Yaroslav Askarov without a rebound.
6:10 of 3rd period - Juuso Parssinen wins face-off versus Sam Poulin in Silver Knights zone.
6:39 of 3rd period - Shot by Juuso Parssinen.
6:39 of 3rd period - Shot Misses the Net.
6:42 of 3rd period - Icing by Jett Woo.
6:43 of 3rd period - Colin Blackwell wins face-off versus Aatu Raty in Silver Knights zone.
7:36 of 3rd period - Shot by Ronnie Attard.
7:36 of 3rd period - Shot Misses the Net.
7:38 of 3rd period - Shot by Kyle MacLean.
7:38 of 3rd period - Shot Misses the Net.
7:40 of 3rd period - Shot by Nathan Walker.
7:40 of 3rd period - Deflect By Kyle MacLean.
7:40 of 3rd period - Stopped by Yaroslav Askarov without a rebound.
7:41 of 3rd period - Bobby McMann wins face-off versus Cooper Marody in Silver Knights zone.
7:54 of 3rd period - Shot by Juuso Parssinen.
7:54 of 3rd period - Deflect By Brett Leason.
7:54 of 3rd period - Stopped by Yaroslav Askarov without a rebound.
7:55 of 3rd period - Ridly Greig wins face-off versus Kyle MacLean in Silver Knights zone.
7:55 of 3rd period - Ridly Greig is hit by Max Jones.
8:54 of 3rd period - Shot by Cooper Marody.
8:54 of 3rd period - Deflect By Brandon Biro.
8:54 of 3rd period - Shot Misses the Net.
8:56 of 3rd period - Shot by Mitchell Chaffee.
8:56 of 3rd period - Stopped by Hunter Shepard with a rebound.
8:58 of 3rd period - Shot by Mitchell Chaffee.
8:58 of 3rd period - Shot Blocked by Ronnie Attard.
9:32 of 3rd period - Nick Abruzzese is hit by Kyle MacLean and loses puck.
9:36 of 3rd period - Icing by Christian Kyrou.
9:37 of 3rd period - Aatu Raty wins face-off versus Bobby McMann in Silver Knights zone.
9:37 of 3rd period - Aatu Raty is hit by Brett Leason.
9:40 of 3rd period - Jett Woo is hit by Bobby McMann and loses puck.
9:50 of 3rd period - Juuso Parssinen is hit by Nick Abruzzese and loses puck.
9:54 of 3rd period - Minor Penalty to Juuso Parssinen for Slashing.
9:55 of 3rd period - Adam Ruzicka wins face-off versus Mathieu Olivier in Stars zone.
10:24 of 3rd period - Devin Shore is hit by Ridly Greig.
12:15 of 3rd period - Minor Penalty to Ty Emberson for Tripping.
12:16 of 3rd period - Cooper Marody wins face-off versus Devin Shore in Stars zone.
13:01 of 3rd period - Shot by Connor Mackey.
13:01 of 3rd period - Shot Misses the Net.
13:27 of 3rd period - Off-side.
13:28 of 3rd period - Brett Leason wins face-off versus Cooper Marody in neutral zone.
13:41 of 3rd period - Shot by Max Jones.
13:41 of 3rd period - Shot Blocked by Mitchell Chaffee.
13:43 of 3rd period - Shot by Max Jones.
13:43 of 3rd period - Shot Misses the Net.
14:17 of 3rd period - Icing by Christian Kyrou.
14:18 of 3rd period - Nikita Alexandrov wins face-off versus Juuso Parssinen in Silver Knights zone.
14:47 of 3rd period - Icing by Ty Emberson.
14:48 of 3rd period - Aatu Raty wins face-off versus Juuso Parssinen in Stars zone.
14:53 of 3rd period - Shot by Nick Abruzzese.
14:53 of 3rd period - Stopped by Hunter Shepard with a rebound.
14:59 of 3rd period - Shot by Aatu Raty.
14:59 of 3rd period - Deflect By Nick Abruzzese.
14:59 of 3rd period - Shot Blocked by Ty Emberson.
16:09 of 3rd period - Icing by Declan Chisholm.
16:10 of 3rd period - Kyle MacLean wins face-off versus Aatu Raty in Silver Knights zone.
16:17 of 3rd period - Shot by Nathan Walker.
16:17 of 3rd period - Stopped by Yaroslav Askarov with a rebound.
17:14 of 3rd period - Minor Penalty to Jimmy Schuldt for Interference.
17:15 of 3rd period - Juuso Parssinen wins face-off versus Nikita Alexandrov in Silver Knights zone.
18:11 of 3rd period - Shot by Mason Lohrei.
18:11 of 3rd period - Stopped by Yaroslav Askarov without a rebound.
18:12 of 3rd period - Aatu Raty wins face-off versus Colin Blackwell in Silver Knights zone.
18:50 of 3rd period - Christian Kyrou is hit by Ty Emberson and loses puck.
19:07 of 3rd period - Shot by Ty Emberson.
19:07 of 3rd period - Stopped by Yaroslav Askarov without a rebound.
19:08 of 3rd period - Nikita Alexandrov wins face-off versus Juuso Parssinen in Silver Knights zone.
19:08 of 3rd period - Nikita Alexandrov is hit by Bobby McMann.
19:36 of 3rd period - Shot by Tyler Madden.
19:36 of 3rd period - Shot Misses the Net.
Goals for this period are 1 for Silver Knights vs 0 for Stars.
Shots for this period are 6 for Silver Knights vs 9 for Stars.
Overtime #1
0:01 of 1st overtime period - Ridly Greig wins face-off versus Bobby McMann in neutral zone.
2:30 of 1st overtime period - Shot by Sam Gagner.
2:30 of 1st overtime period - Shot Blocked by Declan Chisholm.
2:32 of 1st overtime period - Shot by Juuso Parssinen.
2:32 of 1st overtime period - Shot Blocked by Declan Chisholm.
2:34 of 1st overtime period - Shot by Mason Lohrei.
2:34 of 1st overtime period - Goal by Mason Lohrei - Silver Knights : 2 - Stars : 3.
Goals for this period are 0 for Silver Knights vs 1 for Stars.
Shots for this period are 0 for Silver Knights vs 1 for Stars.